 Dungeon Crawl Stone Soup version 0.30.0 (webtiles) character file.

Game seed: 763266606886473367

548048 SnakkuSnakku7 the Slayer (level 24, -5/236 HPs)
             Began as a Yellow Draconian Cinder Acolyte on May 6, 2023.
             Was a High Priest of Ignis.
             Killed by the air
             ... invoked by a spriggan air mage
              (8 damage)
             ... on level 2 of the Depths.
             The game lasted 02:09:19 (61875 turns).

SnakkuSnakku7 the Slayer (DrCA)                    Turns: 61875, Time: 02:09:20

Health: -5/236     AC: 29    Str: 18    XL:     24   Next: 96%
Magic:  37/37      EV: 25    Int: 17    God:    Ignis [*****.]
Gold:   2076       SH: 23    Dex: 21    Spells: 25/25 levels left

rFire   + + .        a - +18 lance "Wyrmbane" {slay drac, rPois rF+ rC+ AC+3}
rCold   + . .        j - +2 tower shield
rNeg    . . .        (body armour unavailable)
rPois   +            h - +2 hat {SInv}
rElec   .            i - +2 cloak {Will+}
rCorr   +            J - +1 pair of gloves of Sorcery {rPois Int+2 Dex+2 Stlth-}
SInv    +            y - +2 pair of boots
Will    ++...        T - amulet of regeneration
Stlth   ++           l - +4 ring of protection
HPRegen 1.39/turn    t - +4 ring of slaying
MPRegen 0.25/turn

%: no passive effects
@: lethally poisoned (-5 -> -5), about to teleport, marked
A: spit acid, AC +12, unfitting armour, acidic bite, cold-blooded, acid
resistance, agile 1, passive freeze
}: 3/15 runes: barnacled, slimy, gossamer
a: Breathe Acid, Renounce Religion, Fiery Armour, Foxfire Swarm, Rising Flame


You were on level 2 of the Depths.
You worshipped Ignis.
Ignis was extremely pleased with you.
You visited 10 branches of the dungeon, and saw 47 of its levels.
You visited 1 bazaar.
You also visited: Bailey and Ice Cave.

You collected 6351 gold pieces.
You spent 4275 gold pieces at shops.

Inventory:

Hand Weapons
 a - the +18 lance "Wyrmbane" (weapon) {slay drac, rPois rF+ rC+ AC+3}
   (You found it on level 1 of the Vaults)

   AC:        It affects your AC (+3).
   rF:        It protects you from fire.
   rC:        It protects you from cold.
   rPois:     It protects you from poison.
Missiles
 A - 18 curare-tipped darts (quivered)
 R - 2 throwing nets
Armour
 h - a +2 hat of see invisible (worn)
 i - a +2 cloak of willpower (worn)
 j - a +2 tower shield (worn)
 y - a +2 pair of boots (worn)
 J - the +1 pair of gloves of Sorcery (worn) {rPois Int+2 Dex+2 Stlth-}
   (You found it on level 3 of the Crypt)

   Int:       It affects your intelligence (+2).
   Dex:       It affects your dexterity (+2).
   rPois:     It protects you from poison.
   Stlth:     It makes you less stealthy.
 M - a +0 pair of gloves
Jewellery
 b - a ring of protection from fire
 c - a ring of see invisible
 d - the ring of the Coward {*Corrode +Blink rF+ rC++ rN+}
   (You bought it in a shop in a bazaar)

   [ring of protection from fire]

   rF:        It protects you from fire.
   rC:        It greatly protects you from cold.
   rN:        It protects you from negative energy.
   +Blink:    It lets you blink.
   *Corrode:  It may corrode you when you take damage.
 l - a +4 ring of protection (left hand)
 t - a +4 ring of slaying (right hand)
 T - an amulet of regeneration (around neck)
 W - the ring of Pitwo {Will+ rCorr Str+3 Dex+6}
   (You took it off a deep elf master archer on level 3 of the Elven Halls)

   [ring of dexterity]

   Str:       It affects your strength (+3).
   Dex:       It affects your dexterity (+6).
   rCorr:     It protects you from acid and corrosion.
   Will:      It increases your willpower.
Wands
 q - a wand of digging (9)
 w - a wand of flame (53)
 B - a wand of roots (30)
 I - a wand of mindburst (4)
 P - a wand of paralysis (29)
 S - a wand of polymorph (18)
 Y - a wand of acid (3)
Scrolls
 g - 10 scrolls of teleportation
 v - 9 scrolls of immolation
 D - 6 scrolls of fog
 F - 8 scrolls of vulnerability
 H - 7 scrolls of magic mapping
 K - 7 scrolls of poison
 L - 7 scrolls of fear
 N - a scroll of blinking
 O - 2 scrolls of enchant armour
 X - 3 scrolls of silence
Potions
 e - 9 potions of might
 f - 8 potions of magic
 n - 11 potions of heal wounds
 o - 9 potions of curing
 p - 7 potions of brilliance
 r - 10 potions of cancellation
 s - 3 potions of mutation
 u - 11 potions of flight
 x - 8 potions of haste
 z - 2 potions of berserk rage
 C - 10 potions of invisibility
 E - 7 potions of resistance
 G - 4 potions of ambrosia
Miscellaneous
 k - a phial of floods
 m - a phantom mirror
 Q - a tin of tremorstones (1/2)


   Skills:
 - Level 23.5 Fighting
 - Level 4.2 Maces & Flails
 - Level 12.0 Polearms
 - Level 20.9 Ranged Weapons
 - Level 19.0 Dodging
 - Level 4.8 Stealth
 - Level 15.0 Shields
 - Level 1.0 Spellcasting
 - Level 3.0 Fire Magic
 + Level 20.2 Invocations
 - Level 12.0 Evocations


You had 25 spell levels left.
You didn't know any spells.
Your spell library contained the following spells:

 Spells                   Type           Power      Damage    Failure   Level
 Scorch                   Fire           22%        2d6       28%         2
 Foxfire                  Conj/Fire      20%        2x1d5     34%         1
 Apportation              Tloc           0%         N/A       54%         1
 Beastly Appendage        Tmut           0%         N/A       54%         1
 Necrotise                Necr           0%         1d4       54%         1
 Shock                    Conj/Air       0%         1d3       54%         1
 Sting                    Tmut/Pois      0%         1d3       54%         1
 Summon Small Mammal      Summ           0%         N/A       54%         1
 Blink                    Tloc           0%         N/A       67%         2
 Cigotuvi's Dreadful Rot  Necr/Pois/Air  0%         N/A       67%         2
 Lesser Beckoning         Tloc           0%         N/A       67%         2
 Momentum Strike          Conj/Tloc      0%         3d8       67%         2
 Passwall                 Tmut/Erth      0%         N/A       67%         2
 Poisonous Vapours        Pois/Air       0%         N/A       67%         2
 Sublimation of Blood     Necr           0%         N/A       67%         2
 Wereblood                Tmut           0%         N/A       67%         2
 Inner Flame              Hex/Fire       5%         N/A       71%         3
 Ignite Poison            Fire/Tmut/Pois 4%         N/A       77%         3
 Call Canine Familiar     Summ           0%         N/A       88%         3
 Mephitic Cloud           Conj/Pois/Air  0%         N/A       88%         3
 Ozocubu's Armour         Ice            0%         N/A       88%         3
 Portal Projectile        Hex/Tloc       0%         N/A       88%         3
 Summon Guardian Golem    Hex/Summ       0%         N/A       88%         3
 Swiftness                Air            0%         N/A       88%         3
 Tukima's Dance           Hex            0%         N/A       88%         3
 Flame Wave               Conj/Fire      5%         2d5       98%         4
 Sticky Flame             Conj/Fire      5%         2d3       98%         4
 Airstrike                Air            0%         2d(0-16)  99%         4
 Anguish                  Hex/Necr       0%         N/A       99%         4
 Dispel Undead            Necr           0%         3d6       99%         4
 Leda's Liquefaction      Hex/Erth       0%         N/A       99%         4
 Manifold Assault         Tloc           0%         N/A       99%         4
 Olgreb's Toxic Radiance  Pois           0%         N/A       99%         4
 Petrify                  Tmut/Erth      0%         N/A       99%         4
 Summon Ice Beast         Ice/Summ       0%         N/A       99%         4
 Alistair's Intoxication  Tmut/Pois      0%         N/A       100%        5
 Blade Hands              Tmut           0%         N/A       100%        5
 Borgnjor's Vile Clutch   Necr/Erth      0%         N/A       100%        5
 Fireball                 Conj/Fire      2%         3d4       100%        5
 Freezing Cloud           Conj/Ice/Air   0%         6-21      100%        5
 Irradiate                Conj/Tmut      0%         3d11      100%        5
 Iskenderun's Battlesphe  Conj           0%         2d6       100%        5
 Lee's Rapid Deconstruct  Erth           0%         3d4*      100%        5
 Metabolic Englaciation   Hex/Ice        0%         N/A       100%        5
 Summon Forest            Summ/Tloc      0%         N/A       100%        5
 Summon Mana Viper        Hex/Summ       0%         N/A       100%        5
 Conjure Ball Lightning   Conj/Air       0%         3x3d6     100%        6
 Dispersal                Tloc           0%         N/A       100%        6
 Eringya's Noxious Bog    Tmut/Pois      0%         N/A       100%        6
 Iron Shot                Conj/Erth      0%         9d1       100%        6
 Plasma Beam              Fire/Air       2%         2x1d14    100%        6
 Simulacrum               Ice/Necr       0%         N/A       100%        6
 Starburst                Conj/Fire      2%         6d3       100%        6
 Statue Form              Tmut/Erth      0%         N/A       100%        6
 Summon Cactus Giant      Summ           0%         N/A       100%        6
 Enfeeble                 Hex            0%         N/A       100%        7
 Haunt                    Necr/Summ      0%         N/A       100%        7
 Malign Gateway           Summ/Tloc      0%         N/A       100%        7
 Monstrous Menagerie      Summ           0%         N/A       100%        7
 Ozocubu's Refrigeration  Ice            0%         4d7       100%        7
 Spellforged Servitor     Conj/Summ      0%         N/A       100%        7
 Storm Form               Tmut/Air       0%         N/A       100%        7
 Summon Hydra             Summ           0%         N/A       100%        7
 Borgnjor's Revivificati  Necr           0%         N/A       100%        8
 Discord                  Hex            0%         N/A       100%        8
 Disjunction              Tloc           0%         N/A       100%        8
 Ignition                 Fire           5%         3d4       100%        8
 Necromutation            Tmut/Necr      0%         N/A       100%        8
 Summon Horrible Things   Summ           0%         N/A       100%        8
 Polar Vortex             Ice            0%         N/A       100%        9


Dungeon Overview and Level Annotations

Branches:
Dungeon (15/15)            Temple (0/1) D:7            Lair (5/5) D:11
 Shoals (4/4) Lair:2       Spider (4/4) Lair:2        Slime (5/5) Lair:4
    Orc (2/2) D:11            Elf (3/3) Orc:2        Vaults (4/5) D:13
  Crypt (3/3) Vaults:3       Tomb (0/3) Crypt:3      Depths (2/4) D:15
 Bailey (visited)           IceCv (visited)

Altars:
Elyvilon
Gozag
Hepliaklqana
Makhleb
Okawaru
Sif Muna
Trog
Xom
Yredelemnul
Zin
The Shining One
Jiyva

Shops:
D:2 (   D:4 ?(!*   D:9 [   D:10 (   D:13 *   Orc:1 :   Orc:2 :?(*=   Elf:1 (
Elf:2 ?   Elf:3 :   Shoals:4 *   Vaults:1 [   Vaults:2 [?*((

Portals:
Hell: Lair:5 Depths:1 Depths:2
Trove: Vaults:3 (give 4 scrolls of blinking)

Annotations:
Lair:3 runemage's ghost, journeyman GnFi
Spider:1 2 transporters, exclusion: orange crystal statue
Elf:2 3 runed translucent doors
Vaults:2 2 transporters


Innate Abilities, Weirdness & Mutations

You can spit globs of acid.
Your golden yellow scales are hard. (AC +12)
You cannot fit into any form of body armour.
You have acidic saliva.
You are cold-blooded and may be slowed by cold attacks.
You are resistant to acid. (rCorr)
You are agile. (Dex +4, Str/Int -1)
A frigid envelope surrounds you and freezes all who hurt you.


Message History

A water elemental comes into view.
Unknown command.
You puncture the spriggan berserker! You bite the spriggan berserker!
The spriggan berserker seems to be corroded for longer.
The spriggan berserker is severely wounded.
You feel sick.
The spriggan defender completely misses you.
You block the spriggan berserker's attack.
The spriggan air mage waves its arms in wide circles.
The air twists around and strikes you!!
* * * LOW HITPOINT WARNING * * *
You barely miss the spriggan berserker. You tail-slap the spriggan berserker.
The spriggan berserker is severely wounded.
You block the spriggan defender's attack.
The spriggan berserker hits you with a +0 broad axe!
* * * LOW HITPOINT WARNING * * *
The spriggan berserker is very cold.
The spriggan berserker is severely wounded.
An ice dragon comes into view.
You block the spriggan defender's attack.
You puncture the spriggan berserker!
The spriggan berserker is almost dead.
You feel sick.
You block the spriggan berserker's attack.
The spriggan defender hits you but does no damage.
You writhe in agony.
* * * LOW HITPOINT WARNING * * *
The spriggan defender is very cold.
The spriggan defender is lightly wounded.
As you read the scroll of teleportation, it crumbles to dust.
You feel strangely unstable.
You feel sick.
The spriggan berserker hits you with a +0 broad axe!!
* * * LOW HITPOINT WARNING * * *
The spriggan berserker is very cold.
The spriggan berserker is almost dead.
The spriggan defender hits you with a +3 flail of pain!
* * * LOW HITPOINT WARNING * * *
The spriggan air mage waves its arms in wide circles.
The air twists around and strikes you!
You die...

.....
.............)....≈≈≈≈....
.....
.........#...............#
...∩.
.........##............###
.....
...D....##.............#
.....
........####..........##
.....
........##.#..........#
.....
.........#...........##
....u
..≈...................
.....
≈≈≈......@)............
.....
.§≈≈....iii....).......
....#
..≈≈..........[........
...##
.......................
..##
#........E....[.##.....
#...........^.........#
............††.....#
.....................
............##..#.##


You could see an ice dragon, a spriggan defender, a spriggan berserker (berserk,
regenerating, strong-willed, corroded), a spriggan air mage (repels missiles)
and a water elemental.

Vanquished Creatures
  the Royal Jelly (Slime:5)
  An ancient lich (Crypt:3)
  Margery (Vaults:2)
  the Lernaean hydra (D:13)
  2 bone dragons (Crypt:3)
  3 liches
  2 deep elf blademasters
  The ghost of Qatuad the Blocker, an adept GnFi of Nemelex Xobeh (Shoals:2)
  21 acid blobs
  A kraken (Shoals:2)
  5 ancient champions
  2 deep elf master archers (Elf:3)
  Agnes (Spider:3)
  A tengu reaver (Depths:2)
  Polyphemus (Shoals:4)
  A shadow dragon (Depths:1)
  3 sphinxes
  Kirke (Shoals:2)
  A revenant (Crypt:3)
  13 rockslimes
  2 fire giants
  7 azure jellies
  4 frost giants
  17 vault wardens
  2 emperor scorpions
  Louise (Spider:3)
  4 deep elf sorcerers
  2 ghouls (Crypt:2)
  2 ghost moths
  5 deep elf elementalists
  4 curse skulls
  10 quicksilver oozes
  17 ironbound preservers
  8 stone giants
  2 spriggan defenders (Depths:2)
  8 ironbound thunderhulks
  4 broodmothers
  A war gargoyle (Vaults:2)
  19 very ugly things
  3 reapers (Crypt:3)
  5 deep elf demonologists (Elf:3)
  27 dire elephants
  5 vampire knights
  A bunyip (shapeshifter) (Vaults:1)
  Azrael (Spider:3)
  11 spark wasps
  6 deep elf annihilators
  3 eidola
  5 merfolk impalers
  6 merfolk javelineers
  3 ettins
  Josephine (D:10)
  7 entropy weavers
  7 deep elf death magi
  4 fire dragons
  9 great orbs of eyes
  3 rakshasas
  11 yaktaur captains
  13 jiangshi
  A deep elf high priest (Elf:3)
  18 vault guards
  49 hydras
  Fannar (D:11)
  An ice dragon (Depths:1)
  3 ogre magi (D:15)
  2 caustic shrike simulacra (IceCv)
  Erolcha (Orc:1)
  An elf skeleton (Crypt:3)
  3 alligator snapping turtles
  A peacekeeper (Vaults:2)
  4 catoblepae
  A hell beast (Lair:5)
  2 quicksilver dragon skeletons (Crypt:3)
  9 ironbound frosthearts
  2 radroaches
  A fenstrider witch skeleton (Crypt:3)
  11 boulder beetles
  A jorogumo (Spider:3)
  5 merfolk avatars
  31 centaur warriors
  12 dancing weapons
  5 merfolk aquamancers
  2 satyrs (Shoals:4)
  8 death yaks
  21 two-headed ogres
  2 deep troll earth magi
  3 deep troll shamans
  7 vampire magi
  5 tengu warriors
  A storm dragon zombie (Depths:2)
  Sonja (D:11)
  5 orc high priests (Orc:2)
  A soul eater (Crypt:3)
  Nergalle (D:10)
  10 hell knights
  5 shadow wraiths
  16 deep elf knights
  A fire crab (Lair:4)
  48 skeletal warriors
  6 iron trolls
  3 storm dragon skeletons
  4 skysharks
  A sixfirhy (Depths:2)
  38 deep trolls
  7 pharaoh ants
  2 flayed ghosts
  3 glowing orange brains
  6 sea snakes
  A bog body (Crypt:2)
  An obsidian statue (Shoals:3)
  21 harpies
  11 deep elf archers
  4 steelbarb worms
  A spectral wolf spider (Spider:4)
  11 orb spiders
  8 orc knights (Orc:2)
  2 orange crystal statues
  7 phantasmal warriors
  A spriggan simulacrum (Crypt:1)
  15 lindwurms
  An anaconda skeleton (Crypt:2)
  9 necromancers
  24 ironbound convokers
  12 manticores
  4 wizards
  23 deep elf zephyrmancers
  25 wolf spiders
  4 shining eyes
  6 wolf spider zombies
  3 shadow dragon skeletons
  6 cyclopes
  49 ugly things
  30 deep elf pyromancers
  2 salamanders (shapeshifter)
  2 iron dragon zombies
  3 orc sorcerers
  A goliath frog skeleton (Crypt:1)
  A sphinx skeleton (Crypt:2)
  10 fauns
  A salamander (D:15)
  2 stone giant skeletons (Crypt:3)
  A human skeleton (Vaults:4)
  10 merfolk sirens
  Maurice (D:8)
  6 demonic crawlers
  3 moths of wrath
  18 vault sentinels
  7 elephants
  7 black mambas
  8 torpor snails
  A smoke demon (Lair:5)
  2 centaur zombies
  Psyche (D:10)
  4 orange demons (Lair:5)
  2 gargoyles
  20 cane toads
  An unseen horror (D:12)
  2 eyes of devastation
  6 water nymphs
  4 dire elephant skeletons (Crypt:3)
  2 kobold demonologists (D:11)
  10 rime drakes
  8 komodo dragons
  A green draconian zombie (Crypt:2)
  4 freezing wraiths
  An anaconda simulacrum (IceCv)
  A komodo dragon (shapeshifter) (Elf:1)
  30 yaktaurs
  8 tengu conjurers
  19 merfolk
  An ice devil (Lair:5)
  2 grey draconian skeletons (Crypt:3)
  5 trolls
  A golden dragon simulacrum (IceCv)
  A red devil (Lair:5)
  A queen bee (shapeshifter) (Elf:1)
  8 meliai
  A sea snake skeleton (Crypt:2)
  3 polar bears
  A hornet (D:10)
  4 wolf spider simulacra
  17 tarantellas
  A raiju (Spider:2)
  4 wind drakes
  8 dream sheep
  12 snapping turtles
  10 blink frogs
  A hydra skeleton (Crypt:3)
  4 harpy skeletons
  4 air elementals (Elf:2)
  16 culicivoras
  An ettin zombie (Crypt:3)
  23 jumping spiders
  10 wraiths
  A ynoxinul (Depths:2)
  158 slime creatures
  10 flying skulls
  80 yaks
  A dire elephant simulacrum (IceCv)
  4 wyverns
  2 shadows
  18 water elementals
  A basilisk (Lair:4)
  16 golden eyes
  2 fire elementals
  6 hogs
  Grum (D:8)
  A steam dragon (D:7)
  48 redbacks
  12 vampire mosquitoes
  2 chaos spawn (Depths:2)
  A harpy simulacrum (IceCv)
  3 wargs
  A two-headed ogre zombie (Crypt:2)
  3 acid dragons
  9 hell hounds
  A two-headed ogre skeleton (Crypt:3)
  19 water moccasins
  A floating eye (Depths:1)
  31 orc warriors
  A black bear (D:5)
  A lindwurm zombie (Crypt:3)
  A sky beast (D:8)
  The ghost of esper6 the Sneak, an amateur AtDe (D:4)
  2 ice beasts (D:14)
  10 ogres
  14 wolves
  3 boggarts (Vaults:1)
  A lindwurm skeleton (Crypt:2)
  15 centaurs
  A swamp dragon skeleton (Crypt:3)
  5 kobold brigands
  11 bullfrogs
  3 scorpions
  A yaktaur skeleton (Crypt:2)
  4 earth elementals
  2 gnoll sergeants
  A necrophage (Crypt:2)
  21 wights
  A cyclops skeleton (Crypt:2)
  6 killer bees (D:9)
  2 lindwurm simulacra (IceCv)
  2 spriggan skeletons
  2 electric eels
  2 howler monkeys (D:12)
  4 jellies
  A human simulacrum (Vaults:4)
  2 hounds (D:6)
  26 orc priests
  A sleepcap (D:5)
  4 centaur skeletons
  An iguana (D:6)
  25 orc wizards
  A killer bee zombie (D:4)
  A howler monkey zombie (Crypt:1)
  7 adders
  24 gnolls
  3 shadow imps (D:7)
  2 white imps
  2 ufetubi (D:14)
  An iguana zombie (Crypt:3)
  A jelly zombie (Crypt:1)
  An adder skeleton (Crypt:3)
  A worm (D:3)
  5 dart slugs
  94 orcs
  3 endoplasms
  3 giant cockroaches
  8 goblins
  4 hobgoblins
  7 jackals
  6 quokkas
  7 ball pythons
  5 bats
  A dart slug zombie (Crypt:1)
  2 frilled lizards
  A frilled lizard skeleton (Crypt:1)
  A gnoll skeleton (Crypt:1)
  24 kobolds
  6 rats
  5 tentacles (Shoals:2)
2148 creatures vanquished.

Vanquished Creatures (collateral kills)
  Jorgrun (D:12)
  Donald (Shoals:2)
  A vault guard (Vaults:4)
3 creatures vanquished.

Vanquished Creatures (others)
  A ghost moth (Spider:4)
  A broodmother (Spider:4)
  A centaur warrior (Vaults:3)
  A dancing weapon (Elf:1)
  A wizard (Vaults:4)
  4 foxfires (D:4)
  50 fungi
  84 plants
  4 tentacles (Shoals:2)
147 creatures vanquished.

Grand Total: 2298 creatures vanquished

Notes
Turn   | Place    | Note
-------+----------+-------------------------------------------
     0 | D:1      | SnakkuSnakku7 the Draconian Cinder Acolyte began the quest
                  | for the Orb.
     0 | D:1      | Reached XP level 1. HP: 19/19 MP: 2/2
   113 | D:1      | Reached XP level 2. HP: 15/26 MP: 3/3
   353 | D:1      | Reached skill level 4 in Fighting
   569 | D:1      | Reached XP level 3. HP: 33/33 MP: 4/4
  1247 | D:2      | Reached XP level 4. HP: 40/41 MP: 5/5
  1350 | D:2      | Found Rempix's Weapon Shoppe.
  1610 | D:2      | Reached skill level 5 in Fighting
  1657 | D:2      | Bought a +0 sling of flaming for 47 gold pieces
  1924 | D:2      | Reached skill level 1 in Ranged Weapons
  1996 | D:3      | Reached XP level 5. HP: 48/48 MP: 6/6
  2234 | D:3      | Found a faded altar of an unknown god.
  2402 | D:3      | Found a white marble altar of Elyvilon.
  2875 | D:4      | Found Daryimiw's Magic Scroll Boutique.
  2878 | D:4      | Bought a scroll of teleportation for 42 gold pieces
  3107 | D:4      | Found Sucipuhu's Assorted Antiques.
  3110 | D:4      | Bought a purple potion for 21 gold pieces
  3119 | D:4      | Found Ynubodug's Weapon Boutique.
  3203 | D:4      | Found a runed translucent gate.
  3203 | D:4      | Found a runed translucent gate.
  3207 | D:4      | Found a runed translucent gate.
  3209 | D:4      | Noticed esper6's ghost (amateur AtDe)
  3379 | D:4      | Found Oddaull's Distillery.
  3387 | D:4      | Bought a potion of degeneration for 14 gold pieces
  3421 | D:4      | Found a shimmering blue altar of Sif Muna.
  3579 | D:5      | Entered Level 5 of the Dungeon
  3860 | D:5      | Noticed a black bear
  3865 | D:5      | Reached XP level 6. HP: 56/56 MP: 7/7
  4206 | D:5      | Reached skill level 5 in Ranged Weapons
  4304 | D:5      | Your scales start taking on a golden yellow colour.
  4304 | D:5      | Reached XP level 7. HP: 44/61 MP: 8/8
  4304 | D:5      | Gained mutation: You are resistant to acid. (rCorr) [Yellow
                  | Draconian growth]
  4397 | D:5      | Found a glowing silver altar of Zin.
  4820 | D:5      | Found a shimmering altar of Xom.
  5493 | D:6      | Reached XP level 8. HP: 37/68 MP: 9/9
  5871 | D:7      | Identified the +5 whip of Basawk {freeze, rN++}
  6047 | D:7      | Found a staircase to the Ecumenical Temple.
  6291 | D:7      | Reached XP level 9. HP: 43/74 MP: 10/10
  6570 | D:7      | Reached skill level 10 in Ranged Weapons
  7209 | D:8      | Noticed Maurice
  7223 | D:8      | Killed Maurice
  7334 | D:8      | Noticed Grum
  7695 | D:8      | Killed Grum
  7696 | D:8      | Reached XP level 10. HP: 66/81 MP: 11/11
  8516 | D:9      | Found Boussofa's Armour Shop.
  9211 | D:9      | Found a glowing golden altar of the Shining One.
  9290 | D:10     | Entered Level 10 of the Dungeon
  9290 | D:10     | Noticed Nergalle
  9304 | D:10     | Killed Nergalle
  9318 | D:10     | Found Yrocif's Weapon Boutique.
  9320 | D:10     | Found a flagged portal.
  9339 | D:10     | Noticed a two-headed ogre
  9347 | D:10     | Killed a two-headed ogre
  9456 | Bailey   | Entered a bailey
  9963 | D:10     | Found a burning altar of Makhleb.
  9963 | D:10     | Found an iron altar of Okawaru.
  9990 | D:10     | Found a hazy altar of Hepliaklqana.
 10028 | D:10     | Noticed a two-headed ogre
 10038 | D:10     | Killed a two-headed ogre
 10138 | D:10     | Reached XP level 11. HP: 62/86 MP: 12/12
 10442 | D:10     | Noticed Psyche
 10442 | D:10     | Noticed Josephine
 10462 | D:10     | Killed Josephine
 10463 | D:10     | Reached skill level 15 in Ranged Weapons
 10667 | D:10     | Killed Psyche
 10682 | D:10     | Noticed a boulder beetle
 10683 | D:10     | Noticed a two-headed ogre
 10805 | D:10     | Noticed a centaur warrior
 10821 | D:10     | Killed a centaur warrior
 11072 | D:10     | Killed a two-headed ogre
 11329 | D:10     | Noticed a two-headed ogre
 11340 | D:10     | Killed a two-headed ogre
 11351 | D:10     | HP: 2/86 [wyvern (13)]
 11818 | D:10     | Killed a boulder beetle
 12122 | D:11     | Noticed Sonja
 12128 | D:11     | Killed Sonja
 12154 | D:11     | Noticed Fannar
 12167 | D:11     | Killed Fannar
 12168 | D:11     | Reached XP level 12. HP: 84/94 MP: 13/13
 12237 | D:11     | Found a staircase to the Lair.
 12369 | D:11     | Found a large runed translucent door.
 12372 | D:11     | Found a large runed translucent door.
 12372 | D:11     | Found a shimmering altar of Xom.
 12493 | D:11     | Found a staircase to the Orcish Mines.
 12807 | D:11     | Noticed a boulder beetle
 12854 | D:11     | Killed a boulder beetle
 12969 | D:11     | Found a bloodstained altar of Trog.
 13653 | Lair:1   | Entered Level 1 of the Lair of Beasts
 13924 | Lair:1   | Reached skill level 6 in Fighting
 14160 | Lair:1   | Reached skill level 7 in Fighting
 14415 | Lair:1   | Reached skill level 8 in Fighting
 14895 | Lair:1   | Reached skill level 9 in Fighting
 15175 | Lair:2   | Noticed a death yak
 15175 | Lair:2   | Noticed a death yak
 15175 | Lair:2   | Noticed a death yak
 15180 | Lair:2   | Noticed a death yak
 15182 | Lair:2   | Noticed a death yak
 15197 | Lair:1   | Killed a death yak
 15441 | Lair:1   | Killed a death yak
 15463 | Lair:1   | Killed a death yak
 15464 | Lair:1   | Reached skill level 10 in Fighting
 15485 | Lair:1   | Killed a death yak
 15538 | Lair:2   | Killed a death yak
 15539 | Lair:2   | Reached XP level 13. HP: 92/114 MP: 14/14
 15722 | Lair:2   | Reached skill level 11 in Fighting
 15902 | Lair:2   | Found a staircase to the Shoals.
 16226 | Lair:2   | Found a hole to the Spider Nest.
 16256 | Lair:2   | Reached skill level 12 in Fighting
 16277 | Lair:2   | Reached skill level 1 in Dodging
 16304 | Lair:2   | Identified the +9 falchion of Doom {freeze, *Corrode MP-9
                  | Str+9 Dex+4}
 17164 | D:4      | Bought a scroll of acquirement for 728 gold pieces
 17164 | D:4      | Acquired the +5 longbow "Lywes" {flame, Dex+3}
 17569 | Lair:3   | Reached skill level 5 in Dodging
 17632 | Lair:3   | Identified the +8 long sword "Baoffaopn" {freeze, +Blink
                  | Will+ Int+3 SInv}
 18213 | Lair:4   | Noticed runemage's ghost (journeyman GnFi)
 18213 | Lair:4   | Found a runed translucent gate.
 18213 | Lair:4   | Found a runed translucent gate.
 18213 | Lair:4   | Found a runed translucent gate.
 18250 | Lair:4   | Found a viscous altar of Jiyva.
 18251 | Lair:4   | Found a staircase to the Slime Pits.
 19242 | Lair:5   | Entered Level 5 of the Lair of Beasts
 19263 | Lair:5   | Gained mutation: You have acidic saliva. [Yellow Draconian
                  | growth]
 19263 | Lair:5   | Reached XP level 14. HP: 91/126 MP: 15/15
 19596 | Lair:5   | Reached skill level 10 in Dodging
 19719 | Lair:5   | Found a burning altar of Makhleb.
 20025 | Lair:5   | Found a gateway to Hell.
 20032 | Lair:5   | Identified the staff of death "Vozul" {+Blink rF++ rN+
                  | Will+ Int-4}
 20553 | Lair:5   | Reached skill level 1 in Evocations
 21232 | Lair:4   | Acquired a manual of Ranged Weapons
 21499 | D:4      | Bought a scroll of fear for 56 gold pieces
 21499 | D:4      | Bought a scroll of enchant armour for 105 gold pieces
 21499 | D:4      | Bought a scroll of fog for 56 gold pieces
 21499 | D:4      | Bought a scroll of summoning for 133 gold pieces
 21520 | D:4      | Bought a potion of heal wounds for 70 gold pieces
 21520 | D:4      | Bought a potion of heal wounds for 70 gold pieces
 21546 | D:4      | Killed esper6's ghost
 21745 | Orc:1    | Entered Level 1 of the Orcish Mines
 21745 | Orc:1    | Noticed Erolcha
 21763 | Orc:1    | Killed Erolcha
 21764 | Orc:1    | Reached skill level 5 in Evocations
 22047 | Orc:2    | Entered Level 2 of the Orcish Mines
 22143 | Orc:2    | Found a flickering gateway to a bazaar.
 22189 | Orc:2    | Found Ehoadad's Jewellery Emporium.
 22407 | Orc:1    | Found Cistys Lang's Book Shop.
 22561 | Bazaar   | Entered a bazaar
 22575 | Bazaar   | Found Keicin's Magic Scroll Emporium.
 22575 | Bazaar   | Found Vorug's Jewellery Emporium.
 22608 | Bazaar   | Found Ofidua's Book Shoppe.
 22608 | Bazaar   | Found Runir's Armour Shoppe.
 22649 | Bazaar   | Bought the ring of the Coward {*Corrode +Blink rF+ rC++
                  | rN+} for 606 gold pieces
 22906 | Orc:2    | Found a staircase to the Elven Halls.
 23181 | Orc:2    | Reached XP level 15. HP: 82/132 MP: 16/16
 23471 | Orc:2    | Found Guakluri's General Store.
 23472 | Orc:2    | Found Woygyed's Book Boutique.
 23472 | Orc:2    | Found Duobol's Magic Scroll Shop.
 23473 | Orc:2    | Found Epty's Antique Weapon Boutique.
 23482 | Orc:2    | Bought a scroll of teleportation for 39 gold pieces
 23482 | Orc:2    | Bought a scroll of fog for 52 gold pieces
 23946 | D:12     | Noticed Jorgrun
 23968 | D:12     | Killed Jorgrun
 24645 | D:13     | Reached skill level 10 in Evocations
 24886 | D:13     | Found Kyaroat's Assorted Antiques.
 25120 | D:13     | Found a runed translucent door.
 25183 | D:13     | Found a runed translucent door.
 25184 | D:13     | Noticed the 27-headed Lernaean hydra
 25185 | D:13     | Found a runed translucent door.
 25250 | D:13     | Found a gate to the Vaults.
 26255 | D:13     | Reached XP level 16. HP: 89/139 MP: 17/17
 26270 | D:13     | Found a runed translucent door.
 26423 | D:13     | Found a runed translucent door.
 27021 | D:13     | Killed the 27-headed Lernaean hydra
 27050 | D:13     | Identified the +8 plate armour of Modesty {*Slow +Inv Fly
                  | Regen+ Dex+3}
 27466 | D:14     | Reached skill level 13 in Fighting
 27797 | D:15     | Entered Level 15 of the Dungeon
 28052 | D:15     | Reached skill level 14 in Fighting
 28106 | D:15     | Found a staircase to the Depths.
 28328 | D:15     | Reached skill level 15 in Fighting
 29010 | Spider:1 | Entered Level 1 of the Spider Nest
 29177 | Spider:1 | Reached skill level 16 in Fighting
 29541 | Spider:1 | Found a transporter.
 29553 | Spider:1 | Found a transporter.
 29565 | Spider:1 | Reached XP level 17. HP: 158/158 MP: 18/18
 30564 | Spider:2 | Reached skill level 17 in Fighting
 30985 | Spider:3 | Noticed Azrael
 31044 | Spider:2 | HP: 8/162 [poisoned by a redback]
 31200 | Spider:3 | Noticed Louise
 31227 | Spider:4 | Entered Level 4 of the Spider Nest
 31307 | Spider:3 | Killed Azrael
 31435 | Spider:3 | Reached skill level 18 in Fighting
 31614 | Spider:3 | Noticed Agnes
 31634 | Spider:3 | Killed Agnes
 31790 | Spider:3 | Killed Louise
 32394 | Spider:4 | Reached skill level 19 in Fighting
 33305 | Spider:4 | Reached skill level 20 in Fighting
 33730 | Spider:4 | Reached XP level 18. HP: 178/178 MP: 19/19
 34266 | Spider:4 | Got a gossamer rune of Zot
 34570 | Spider:3 | Reached XP level 19. HP: 185/185 MP: 20/20
 34673 | Shoals:1 | Entered Level 1 of the Shoals
 35303 | Shoals:2 | Noticed Donald
 35481 | Shoals:2 | Noticed Kirke
 35805 | Shoals:2 | Killed Donald
 36217 | Shoals:3 | Found a runed translucent gate.
 36218 | Shoals:3 | Found a runed translucent gate.
 36218 | Shoals:3 | Found an opulent altar of Gozag.
 36219 | Shoals:3 | Found a runed translucent gate.
 36221 | Shoals:3 | Noticed Qatuad's ghost (adept GnFi)
 36256 | Shoals:3 | Reached skill level 15 in Dodging
 36670 | Shoals:2 | Killed Qatuad's ghost
 36952 | Shoals:4 | Entered Level 4 of the Shoals
 37018 | Shoals:4 | Noticed Polyphemus
 37069 | Shoals:4 | Killed Polyphemus
 37630 | Shoals:4 | Got a barnacled rune of Zot
 37692 | Shoals:4 | Found Ajim Qiwuo's Gadget Gallery.
 37924 | Shoals:2 | Killed Kirke
 38132 | Vaults:1 | Entered Level 1 of the Vaults
 38141 | Vaults:1 | Reached XP level 20. HP: 182/193 MP: 21/21
 39225 | Vaults:1 | Found Geof's Armour Shoppe.
 39480 | Vaults:1 | Identified the +3 rapier of Sequestration {vamp, rF+}
 39689 | Vaults:1 | Found the +8 lance "Wyrmbane" {slay drac, rPois rF+ rC+
                  | AC+3}
 39967 | Vaults:2 | Reached skill level 1 in Polearms
 40196 | Vaults:2 | Reached skill level 5 in Polearms
 40348 | Vaults:2 | Found Ceeg's Assorted Antiques.
 40354 | Vaults:2 | Bought a runed hat for 273 gold pieces
 40383 | Vaults:2 | Found a transporter.
 40398 | Vaults:2 | Noticed Margery
 40695 | Vaults:2 | Found Utest's Antique Armour Shop.
 40919 | Vaults:2 | Found Lonoa's Weapon Shoppe.
 41048 | Vaults:2 | Killed Margery
 41064 | Vaults:2 | Reached XP level 21. HP: 109/199 MP: 7/22
 41137 | Vaults:2 | Found Oriuwiucw's Weapon Shoppe.
 41181 | Vaults:2 | Found a one-way gate to the infinite horrors of the Abyss.
 41257 | Vaults:2 | Paralysed by a great orb of eyes for 3 turns
 41602 | Vaults:2 | Found Osyhedof's Magic Scroll Shop.
 41606 | Vaults:2 | Bought a scroll of teleportation for 57 gold pieces
 41606 | Vaults:2 | Bought a scroll of blinking for 142 gold pieces
 41606 | Vaults:2 | Bought a scroll of teleportation for 57 gold pieces
 41934 | Vaults:2 | Found a transporter.
 42056 | Vaults:3 | Reached skill level 10 in Polearms
 42535 | Vaults:3 | Reached skill level 1 in Shields
 42987 | Vaults:3 | Reached skill level 5 in Shields
 43234 | Vaults:3 | Found a portal to a secret trove of treasure.
 43294 | Vaults:3 | Found a staircase to the Crypt.
 44750 | Vaults:4 | Reached skill level 10 in Shields
 44857 | Vaults:4 | Reached XP level 22. HP: 72/209 MP: 23/23
 45167 | Vaults:4 | Identified the ring "Milimp" {Fly Str+2}
 45370 | Orc:2    | Bought a +4 ring of slaying for 1248 gold pieces
 45450 | Elf:1    | Entered Level 1 of the Elven Halls
 45776 | Elf:1    | Found Ceratoh's Weapon Shop.
 46013 | Elf:1    | Identified the +1 glaive of Padycec {freeze, Fragile rElec
                  | rPois Will+}
 46583 | Elf:2    | Found a runed translucent gate.
 46592 | Elf:2    | Found a runed translucent gate.
 46669 | Elf:2    | Identified the orb "Ynneus" {*Rage, rC++ Regen+}
 46695 | Elf:2    | Paralysed by an air elemental for 1 turns
 46698 | Elf:2    | Found a frozen archway.
 46698 | Elf:2    | Paralysed by an air elemental for 1 turns
 46700 | Elf:2    | Paralysed by an air elemental for 1 turns
 46709 | Elf:2    | Paralysed by an air elemental for 1 turns
 46922 | IceCv    | Entered an ice cave
 47049 | IceCv    | Found a transporter.
 47057 | IceCv    | Found a transporter.
 47297 | Elf:2    | Found a runed translucent gate.
 47434 | Elf:2    | Found Fipniog's Magic Scroll Shoppe.
 47440 | Elf:2    | Bought a scroll of enchant armour for 135 gold pieces
 47440 | Elf:2    | Bought a scroll of teleportation for 54 gold pieces
 47440 | Elf:2    | Bought a scroll of blinking for 135 gold pieces
 47440 | Elf:2    | Bought a scroll of magic mapping for 135 gold pieces
 47822 | Elf:3    | Entered Level 3 of the Elven Halls
 47875 | Elf:3    | Paralysed by an air elemental for 1 turns
 47882 | Elf:2    | Paralysed by an air elemental for 1 turns
 47888 | Elf:2    | Paralysed by an air elemental for 1 turns
 48711 | Elf:3    | Identified the ring of Pitwo {Will+ rCorr Str+3 Dex+6}
 48726 | Elf:3    | Reached skill level 15 in Shields
 48902 | Elf:3    | Reached skill level 1 in Invocations
 49013 | Elf:3    | Identified the +5 short sword of the Apocalypse {drain,
                  | rElec rN+ Int+3}
 49086 | Elf:3    | Identified the +1 mace of Piezosh {chaos, Drain *Slow
                  | Will+++ Int+8}
 49192 | Elf:3    | Identified the +1 sling of Utroame {drain, rElec rC++
                  | Str-2}
 49641 | Elf:3    | Found Qatoclis's Book Shop.
 50112 | Crypt:1  | Entered Level 1 of the Crypt
 50445 | Crypt:1  | Reached skill level 21 in Fighting
 51510 | Crypt:2  | Reached skill level 22 in Fighting
 51559 | Crypt:2  | Reached XP level 23. HP: 208/223 MP: 26/26
 52213 | Crypt:2  | Reached skill level 23 in Fighting
 52773 | Crypt:3  | Entered Level 3 of the Crypt
 53422 | Crypt:3  | Reached skill level 5 in Invocations
 53768 | Crypt:3  | Found a basalt altar of Yredelemnul.
 53877 | Crypt:3  | Noticed an ancient lich
 54294 | Crypt:3  | Killed an ancient lich
 54372 | Crypt:3  | Reached skill level 10 in Invocations
 54500 | Crypt:3  | Identified the +1 pair of gloves of Sorcery {rPois Int+2
                  | Dex+2 Stlth-}
 54518 | Crypt:3  | Got the Monograph on Cadavers
 54702 | Crypt:3  | Found a staircase to the Tomb.
 55340 | Slime:1  | Entered Level 1 of the Pits of Slime
 56375 | Slime:2  | Gained mutation: You are vulnerable to cold. (rC-) [a
                  | shining eye]
 56666 | Slime:2  | Gained mutation: You occasionally lose the ability to read
                  | scrolls when taking damage. [a shining eye]
 56694 | Slime:2  | Gained mutation: Your large and strong wings let you fly.
                  | [a shining eye]
 56710 | Slime:2  | Gained mutation: Your tail ends in a venomous barb. [a
                  | shining eye]
 57355 | Slime:3  | Reached XP level 24. HP: 236/236 MP: 33/33
 57916 | Slime:5  | Entered Level 5 of the Pits of Slime
 58089 | Slime:5  | Reached skill level 15 in Invocations
 58299 | Slime:5  | Paralysed by a great orb of eyes for 5 turns
 58807 | Slime:5  | Found a viscous altar of Jiyva.
 58807 | Slime:5  | Found the +9 staff of Olgreb {rPois∞}
 58850 | Slime:5  | Noticed the Royal Jelly
 58944 | Slime:4  | You are sucked into a shaft and drop 1 floor!
 58990 | Slime:5  | Paralysed by a great orb of eyes for 3 turns
 59304 | Slime:5  | Killed the Royal Jelly
 59385 | Slime:5  | Identified the +4 long sword of Fortitude {vamp, rElec
                  | Dex+2 Stlth-}
 59387 | Slime:5  | Got the Elucidation of the Reshaped Scorpion
 59435 | Slime:5  | Got a slimy rune of Zot
 59676 | Depths:1 | Entered Level 1 of the Depths
 59711 | Depths:1 | Paralysed by a floating eye for 3 turns
 59725 | Depths:1 | Paralysed by a floating eye for 2 turns
 59905 | Depths:1 | Lost mutation: Your large and strong wings let you fly.
                  | [potion of mutation]
 59905 | Depths:1 | Lost mutation: You occasionally lose the ability to read
                  | scrolls when taking damage. [potion of mutation]
 59905 | Depths:1 | Lost mutation: Your tail ends in a venomous barb. [potion
                  | of mutation]
 59905 | Depths:1 | Gained mutation: You possess an exceptional clarity of
                  | mind. [potion of mutation]
 59905 | Depths:1 | Gained mutation: You are strong-willed. (Will+) [potion of
                  | mutation]
 59905 | Depths:1 | Gained mutation: You have sharp toenails. [potion of
                  | mutation]
 59905 | Depths:1 | Gained mutation: Your muscles are strong. (Str +4, Int/Dex
                  | -1) [potion of mutation]
 59936 | Depths:1 | Lost mutation: You have sharp toenails. [potion of
                  | mutation]
 59936 | Depths:1 | Lost mutation: Your muscles are strong. (Str +4, Int/Dex
                  | -1) [potion of mutation]
 59936 | Depths:1 | Lost mutation: You are vulnerable to cold. (rC-) [potion of
                  | mutation]
 59936 | Depths:1 | Gained mutation: You are weak. (Str -2) [potion of
                  | mutation]
 59936 | Depths:1 | Gained mutation: Potions are less effective at restoring
                  | your health. [potion of mutation]
 59937 | Depths:1 | Lost mutation: You possess an exceptional clarity of mind.
                  | [potion of mutation]
 59937 | Depths:1 | Lost mutation: Potions are less effective at restoring your
                  | health. [potion of mutation]
 59937 | Depths:1 | Lost mutation: You are strong-willed. (Will+) [potion of
                  | mutation]
 59937 | Depths:1 | Gained mutation: You are dopey. (Int -2) [potion of
                  | mutation]
 59937 | Depths:1 | Gained mutation: A frigid envelope surrounds you and
                  | freezes all who hurt you. [potion of mutation]
 59938 | Depths:1 | Lost mutation: You are weak. (Str -2) [potion of mutation]
 59938 | Depths:1 | Lost mutation: You are dopey. (Int -2) [potion of mutation]
 59938 | Depths:1 | Gained mutation: You are agile. (Dex +4, Str/Int -1)
                  | [potion of mutation]
 60254 | Depths:1 | Found the +8 demon blade "Leech" {evervamp, Harm Drain rN+}
 60256 | Depths:1 | Found a runed translucent door.
 60628 | Depths:1 | Identified the +8 spear of the Enchanting Puffin {flame,
                  | rPois rN+ rCorr Int+3}
 61799 | Depths:2 | Identified the +8 quarterstaff of the Scorpion {flame, rF+}
 61875 | Depths:2 | HP: 3/236 [spriggan defender/+3 flail of pain (11)]
 61875 | Depths:2 | Killed from afar by a spriggan air mage

Illustrated notes

Levels and vault maps discovered:
D:1:      lightli_arrival_boilingwater, layout_basic
D:2:      layout_loops_corners, serial_glass, glass_columns_b, glass_columns_b,
          serial_shops, nicolae_lakefront_shop, kennysheep_generic_room_13
D:3:      layout_loops_corners, mainiacjoe_overflow_tiny_flanked,
          ebering_ecumenical_altar_petrified
D:4:      layout_rooms, nicolae_sif_muna_little_library,
          gammafunk_ghost_necromancy, serial_shops, shop,
          nicolae_shop_behind_doors,
          nicolae_shop_temple_entry_statues_fountains,
          nicolae_shop_tiny_real_fake_doors, lightli_corner_chamber
D:5:      layout_cave_pools, hangedman_feature_mirror, nrook_uturn
D:6:      layout_basic
D:7:      layout_basic, minmay_temple_entry_gardened_gates
D:8:      layout_basic, uniq_grum, uniq_maurice
D:9:      layout_cave_pools, nicolae_tso_swordbearing_angel, serial_shops,
          nicolae_shop_hallway_plus
D:10:     cheibrodos_barr_body, layout_gridville,
          gammafunk_temple_overflow_pools, mainiacjoe_overflow_alcove_1,
          serial_shops, shop, enter_bailey_1, dreamdust_princess_corridor,
          uniq_psyche, uniq_nergalle, uniq_josephine
D:11:     due_chaos_kobolds, layout_long_grid, lair_entry_dummy,
          hiddenorc2_lemuel, serial_bayou, serial_bayou_pond_c,
          serial_bayou_pond_e, serial_bayou_shore_b, serial_bayou_pond_a,
          bloody_trog, uniq_sonja, uniq_fannar
D:12:     layout_irregular_city, uniq_jorgrun
D:13:     layout_small_grid, lightli_vaults_fourway_checkpoint, serial_shops,
          nicolae_shop_hallway_plus, nicolae_hydra_factorization
D:14:     layout_small_grid, serial_ice, serial_ice_a, serial_ice_c,
          serial_ice_m, serial_ice_h, serial_ice_f, nicolae_two_hexagons,
          minmay_misc_feat_square
D:15:     hangedman_depths_entry_try_elsewhere_first, layout_loops_ring,
          serial_park_tiny_1, corner_web_ring, serial_bayou_lagoon_a
Lair:1:   layout_long_grid
Lair:2:   layout_hall_layers, shoals_dummy_entry,
          hellmonk_spider_entry_life_and_decay, infiniplex_staircase_pool
Lair:3:   layout_loops_ring, serial_bayou_shore_a
Lair:4:   layout_misc_corridors, slime_entry_1, gammafunk_ghost_split
Lair:5:   evil_forest, layout_small_grid, minmay_lair_drake_nest,
          grunt_megastairs_2
Shoals:1: layout_shoals
Shoals:2: layout_shoals, uniq_kirke, uniq_donald
Shoals:3: nzn_motion_control, layout_shoals, ebering_ghost_gozag,
          nicolae_shoals_nautilus_by_nature
Shoals:4: shoals_end_hangedman, layout_shoals, nicolae_shop_gadgets,
          uniq_polyphemus
Spider:1: gammafunk_sealed_arena
Spider:2: layout_spider_delve, beargit_elvish_explorers
Spider:3: layout_spider_delve, einodemon_crawler_minivault, uniq_agnes,
          uniq_louise, uniq_azrael
Spider:4: hellmonk_spider_rune_endless_swarm, nicolae_spider_undead_wolf_pack
Slime:1:  cheibrodos_slime_lost_civilization_1, layout_caves
Slime:2:  layout_caves
Slime:3:  layout_caves, cheibrodos_slime_lost_civilization_7
Slime:4:  layout_caves
Slime:5
Orc:1:    layout_caves, serial_shops, shop, uniq_erolcha
Orc:2:    st_orc_pillars, layout_caves, serial_shops, bzr_entry_gold,
          basic_altar, minmay_shop_enchanted_jewellery
Elf:1:    minmay_elf_arrival_plus, layout_geoelf_octagon, serial_shops,
          nicolae_shop_rolling_square, hangedman_elven_crosses_minicolossus,
          serial_sigils_hangedman_snap, lemuel_upstairs_altar
Elf:2:    elven_hall_of_blades_hangedman_original
          [nicolae_blade_entry_diamond_columns], layout_onion_city,
          serial_shops, nicolae_shop_competitors_out_of_business,
          portal_ice_cave_entry_ugly_swarm
Elf:3:    grunt_elf_hall_spiral, layout_onion_city, serial_shops,
          nicolae_shop_advertising_works [nicolae_subvault_shop_adworks],
          nicolae_elf_glassroom_feature
Vaults:1: vaults_room_octagon, ontoclasm_vaults_tryst, nicolae_vaults_swerve,
          nicolae_vaults_network_square, nicolae_vaults_security_offices_5,
          hangedman_vaults_pinch, nicolae_vaults_trapezoid_lopsided_2,
          nicolae_vaults_prndl, v_misc_24, nicolae_vaults_more_shelving_1,
          vaults_room_mumra_shop_pool, nicolae_vaults_offset_grid_hallway_4,
          ontoclasm_vaults_pinch, vaults_room_door_hall,
          nicolae_vaults_layer_cake_slice, vaults_room_grunt_arrival_ludios,
          nicolae_vaults_more_shelving_2, vaults_room_grid, layout_vaults_maze
Vaults:2: gammafunk_ghost_abyssal_escape, nicolae_vaults_shrinking_rooms_1,
          hangedman_vaults_unwind, vaults_room_door_ring,
          vaults_dpeg_encased_lava, vaults_standard_mumra_x,
          nicolae_vaults_six-pack, vaults_room_fours,
          nicolae_vaults_trapezoid_3, ontoclasm_vaults_spin,
          layout_vaults_chaotic_city, serial_shops, shop, shop,
          nicolae_shop_back_alley_shop, nicolae_shop_just_a_little_nook,
          nicolae_shop_statue_plus, uniq_margery
Vaults:3: nicolae_vaults_storage_room_water, nicolae_vaults_cornered_office,
          v_rooms_3, grunt_vaults_diagonal, vaults_room_grid,
          nicolae_vaults_closet_pinwheel_1, ontoclasm_vaults_ligature,
          nicolae_vaults_tetromino_T_1, minmay_crypt_entry_simple_corners,
          nicolae_vaults_wine_cellar, nicolae_vaults_six-pack,
          nicolae_vaults_little_squares_1, v_alt_pattern_2,
          vaults_room_semicircle, layout_vaults_omnicross,
          nicolae_trove_entry_diagonal
Vaults:4: nicolae_vaults_windows_and_doors_thing,
          nicolae_vaults_network_quincunx
          [nicolae_vaults_network_quincunx_subvault,
          nicolae_vaults_network_quincunx_subvault,
          nicolae_vaults_network_quincunx_subvault,
          nicolae_vaults_network_quincunx_subvault,
          nicolae_vaults_network_quincunx_subvault], ontoclasm_vaults_shuriken,
          vaults_mumra_chevron_long, hangedman_vaults_nails, v_misc_28,
          nicolae_vaults_shelves_hall, vaults_room_hangedman_quadrants,
          nicolae_vaults_heist, nicolae_vaults_oval_intersection,
          nicolae_vaults_sesquioval_fish, layout_vaults_omnigrid
Crypt:1:  layout_chaotic_city
Crypt:2:  layout_basic
Crypt:3:  church_of_pain_bobbens, layout_chaotic_city
Depths:1: layout_honeycomb, pf_hell_entry_tar_spiral, patterned_corridor,
          chequers_serial_rivers_large_a, serial_sigils_hangedman_quiver,
          kennysheep_treasure_room
Depths:2: kennysheep_big_flooded_room, layout_cave_pools, enter_ziggurat_b,
          minmay_misc_feat_roman, hell_entry, grunt_pan_entry_sceptre,
          minmay_staircase_bubble, serial_bayou_shore_b

Skill      XL: |  1  2  3  4  5  6  7  8  9 10 11 12 13 14 15 16 17 18 19 20 21 22 23 24 |
---------------+-------------------------------------------------------------------------+-----
Fighting       | 4 5 10 12 16 20 22 23 | 23.5
Maces & Flails | 4 |  4.2
Ranged Weapons | 1 3 5 7 9 12 14 17 18 19 20 | 20.9
Dodging        | 8 12 13 16 19 | 19.0
Evocations     | 7 12 | 12.0
Stealth        | 4 |  4.8
Polearms       | 8 12 | 12.0
Shields        | 10 15 | 15.0
Invocations    | 4 14 20 | 20.2
Spellcasting   | |  1.0
Fire Magic     | |  3.0

Action                     |  1- 3 |  4- 6 |  7- 9 | 10-12 | 13-15 | 16-18 | 19-21 | 22-24 || total
---------------------------+-------+-------+-------+-------+-------+-------+-------+-------++-------
  Melee: Mace              |   116 |       |       |       |       |       |       |       ||   116
         Tailslap          |     8 |     4 |       |       |       |       |       |   991 ||  1003
         Flail             |     4 |    41 |       |       |       |       |       |       ||    45
         Punch             |       |     2 |       |       |       |       |       |       ||     2
         Longbow           |       |       |       |       |     1 |       |       |       ||     1
         Unarmed           |       |       |       |       |       |       |    13 |       ||    13
         Lance             |       |       |       |       |       |       |       |  3911 ||  3911
         Bite              |       |       |       |       |       |       |       |   827 ||   827
   Fire: Sling             |       |   230 |   387 |    73 |       |       |       |       ||   690
         Longbow           |       |       |       |  1019 |  1559 |  1412 |  2322 |    20 ||  6332
 Invoke: Foxfire Swarm     |       |     1 |       |       |       |       |       |       ||     1
         Fiery Armour      |       |       |       |     1 |       |       |       |       ||     1
Ability: Breathe Acid      |       |       |    14 |    30 |     9 |     4 |     2 |    13 ||    72
  Evoke: Wand              |       |       |       |     3 |     1 |     6 |     6 |     2 ||    18
         Tin of tremorston |       |       |       |       |       |     4 |     5 |     4 ||    13
         Phial of floods   |       |       |       |       |       |     1 |     1 |       ||     2
         Phantom mirror    |       |       |       |       |       |       |     2 |       ||     2
    Use: Scroll            |       |     5 |     3 |    15 |    10 |     9 |     4 |     9 ||    55
         Potion            |       |       |     1 |    10 |     6 |     7 |     2 |    10 ||    36
   Stab: Sleeping          |       |       |       |       |       |       |       |    14 ||    14
         Distracted        |       |       |       |       |       |       |       |     2 ||     2
 Armour: Skin              |    47 |    89 |    73 |   195 |   298 |   390 |   438 |   717 ||  2247
  Dodge: Dodged            |    93 |   156 |   107 |   267 |   448 |  1000 |  1496 |  1306 ||  4873
  Block: Other             |       |       |    33 |   115 |   157 |    62 |       |       ||   367
         Reflection        |       |       |     2 |     3 |    11 |     3 |       |       ||    19
         Tower shield      |       |       |       |       |       |       |       |  2671 ||  2671
